 Dungeon Crawl Stone Soup version 0.25-a0-166-g16436c4407 (webtiles) character file.

Game seed: 17826663407103116419, levelgen mode: deterministic

1776 MrRokkomies the Grappler (level 9, -9/81 HPs)
             Began as a Ghoul Monk on Nov 23, 2019.
             Was a Priest of Ru.
             Mangled by an earth elemental (20 damage)
             ... summoned by a deep elf mage
             ... on level 6 of the Dungeon.
             The game lasted 00:13:38 (4704 turns).

MrRokkomies the Grappler (Ghoul Monk)               Turns: 4704, Time: 00:13:40

Health: -9/81      AC: 12    Str: 18    XL:     9   Next: 8%
Magic:  8/8        EV: 11    Int:  5    God:    Ru [***...]
Gold:   339        SH:  0    Dex: 11    Spells: 8/8 levels left

rFire    + + .     SeeInvis .     - Unarmed
rCold    + . .     Gourm    .   (no shield)
rNeg     + + +     Faith    .   j - +0 fire dragon scales
rPois    ∞         Spirit   .   (no helmet)
rElec    .         Reflect  .   w - +2 cloak
rCorr    +         Harm     .   (no gloves)
MR       .....                  (no boots)
Stlth    ..........             (no amulet)
HPRegen  0.00/turn              k - ring of protection from cold
MPRegen  0.11/turn              h - ring of resist corrosion

@: rotting
A: rotting body, claws 1, carnivore, cold resistance 1, negative energy
resistance 3, inhibited regeneration, torment resistance, unbreathing, inability
to use devices, magic vulnerability 1
a: Draw Out Power, Renounce Religion


You were on level 6 of the Dungeon.
You worshipped Ru.
Ru was most pleased with you.
You were not hungry.

You visited 1 branch of the dungeon, and saw 6 of its levels.

You collected 339 gold pieces.

Inventory:

Missiles
 g - 60 poisoned darts (quivered)
Armour
 j - +0 fire dragon scales (worn)
 p - a scarf of repulsion
 w - a +2 cloak (worn)
Jewellery
 h - a ring of resist corrosion (right claw)
 k - a ring of protection from cold (left claw)
 r - the ring of Exhibitionism {Fire rPois}
   (You found it on level 5 of the Dungeon)

   [ring of fire]

   It enhances your fire magic.
   It protects you from fire.
   It makes you vulnerable to cold.
   It protects you from poison.
 s - an uncursed ring of wizardry
Scrolls
 d - 8 scrolls of teleportation
 e - a scroll of fear
 l - 2 scrolls of identify
 m - 6 scrolls of remove curse
 q - 2 scrolls of blinking
 v - a scroll of magic mapping
 y - a scroll of fog
 B - a scroll of immolation {unknown}
Potions
 a - a potion of agility
 c - 2 potions of ambrosia {unknown}
 f - 4 potions of brilliance
 i - a potion of resistance {unknown}
 n - 3 potions of curing {unknown}
 o - a potion of heal wounds
 t - 2 potions of mutation {unknown}
 u - a potion of flight {unknown}
 x - a potion of might {unknown}
 A - a potion of degeneration {unknown}
Comestibles
 b - 10 rations
 z - 2 chunks of flesh


   Skills:
 * Level 7.9 Fighting
 + Level 3.9 Armour
 + Level 5.0 Dodging
 - Level 2.1 Stealth
 * Level 8.0 Unarmed Combat


You had 8 spell levels left.
You didn't know any spells.
Your spell library contained the following spells:

 Spells                   Type           Power        Failure   Level  Hunger
 Animate Skeleton         Necr           N/A          90%         1    ##.....
 Pain                     Necr           #...         90%         1    ##.....
 Regeneration             Chrm/Necr      #.........   99%         3    ####...
 Vampiric Draining        Necr           #.........   99%         3    ####...
 Animate Dead             Necr           N/A          100%        4    #####..


Dungeon Overview and Level Annotations

Branches:
Dungeon (6/15)             Temple (0/1) D:5

Altars:
Cheibriados
Dithmenos
Elyvilon
Fedhas
Gozag
Hepliaklqana
Kikubaaqudgha
Ru
Trog
Uskayaw
Wu Jian
The Shining One

Shops:
D:6 [


Innate Abilities, Weirdness & Mutations

Your body is rotting away.
You thrive on raw meat.
You are immune to poison.
You have sharp fingernails.
You are carnivorous and can eat meat at any time.
Your flesh is cold resistant. (rC+)
You are immune to negative energy. (rN+++)
You do not regenerate when monsters are visible.
You are immune to unholy pain and torment.
You can survive without breathing.
You cannot study or use magical devices.
You are slightly vulnerable to magic. (MR-)


Message History

Press: ? - help, Shift-Dir - straight line, f/p - deep elf mage
Aim: a deep elf mage, wielding a +2 rapier of electrocution (heavily wounded)
You throw a poisoned dart.
The poisoned dart closely misses the deep elf mage.
The earth elemental closely misses you.
The deep elf mage hits you with a +2 rapier of electrocution.
You scratch the deep elf mage.
The deep elf mage is heavily wounded.
You scratch the deep elf mage.
The deep elf mage is heavily wounded.
The deep elf mage misses you.
The earth elemental completely misses you.
You claw the deep elf mage!
The deep elf mage is almost dead.
The deep elf mage hits you with a +2 rapier of electrocution.
You are electrocuted!
* * * LOW HITPOINT WARNING * * *
You focus your will and illuminate the deep elf mage in retribution!
The earth elemental hits you!!
You die...

...###.......................###.
.....#...#....###....<.........##
.....#..##..#####...........#..#.
..##...###..# ##............#....
....#...##..###...........####...
...##...###..............###.....
...####.###............[..##.##..
##....#......###########..#......
.#...........#.E@e...(...........
##...<.##....#.......(...#.....#.
......##.....#'''######8.###...##
......#......#..$+...^.....#...#.
......#......#...+...............
......#......#$.⌠+...............
.............#+++######8.........
.............# ................
.............# ................


You could see an earth elemental and a deep elf mage.

Vanquished Creatures
  A two-headed ogre (D:6)
  An ogre (D:6)
  A necrophage (D:6)
  A bullfrog (D:6)
  2 scorpions (D:5)
  2 crimson imps (D:6)
  3 hounds
  2 orc priests
  3 orc wizards (D:4)
  A centaur skeleton (D:4)
  3 iguanas
  Ijyb (D:3)
  7 worker ants
  A hound zombie (D:5)
  A worker ant zombie (D:5)
  6 adders
  An adder skeleton (D:5)
  4 worms
  2 dart slugs
  3 leopard geckos
  19 orcs
  3 giant cockroaches
  6 goblins
  13 hobgoblins
  8 jackals (D:3)
  4 quokkas
  A ball python (D:3)
  6 bats
  4 frilled lizards
  6 kobolds
  A quokka skeleton (D:4)
  7 rats
124 creatures vanquished.

Notes
Turn   | Place    | Note
-------+----------+-------------------------------------------
     0 | D:1      | MrRokkomies the Ghoul Monk began the quest for the Orb.
     0 | D:1      | Reached XP level 1. HP: 19/19 MP: 0/0
   446 | D:1      | Reached XP level 2. HP: 26/26 MP: 1/1
  1182 | D:2      | Reached XP level 3. HP: 33/33 MP: 2/2
  1321 | D:2      | Reached skill level 4 in Unarmed Combat
  1375 | D:2      | Found a faded altar of an unknown god.
  1479 | D:2      | Reached XP level 4. HP: 39/40 MP: 3/3
  1624 | D:2      | Reached skill level 1 in Armour
  1655 | D:2      | Found a sacrificial altar of Ru.
  1670 | D:2      | Became a worshipper of Ru the Awakened
  1679 | D:2      | Gained mutation: You are slightly vulnerable to magic.
                  | (MR-) [Ru sacrifice]
  1679 | D:2      | Reached * piety under Ru
  1825 | D:3      | Found an ornate altar of the Wu Jian Council.
  1826 | D:3      | Found a glowing golden altar of the Shining One.
  1892 | D:3      | Noticed Ijyb
  1927 | D:3      | Killed Ijyb
  1975 | D:3      | Found a bloodstained altar of Trog.
  2058 | D:3      | Found a hazy altar of Hepliaklqana.
  2170 | D:3      | Reached XP level 5. HP: 44/47 MP: 4/4
  2270 | D:3      | Found an ancient bone altar of Kikubaaqudgha.
  2270 | D:3      | Found a snail-covered altar of Cheibriados.
  2411 | D:3      | Found a white marble altar of Elyvilon.
  2412 | D:3      | Found an opulent altar of Gozag.
  2416 | D:3      | Found a shadowy altar of Dithmenos.
  2562 | D:4      | Reached skill level 5 in Fighting
  2562 | D:4      | Reached XP level 6. HP: 56/56 MP: 5/5
  2586 | D:4      | Reached skill level 5 in Unarmed Combat
  2714 | D:4      | Found a hide-covered altar of Uskayaw.
  2775 | D:4      | Reached XP level 7. HP: 25/61 MP: 6/6
  2888 | D:4      | Found a blossoming altar of Fedhas.
  3142 | D:5      | Entered Level 5 of the Dungeon
  3142 | D:5      | Found a staircase to the Ecumenical Temple.
  3287 | D:5      | Gained mutation: You cannot study or use magical devices.
                  | [Ru sacrifice]
  3287 | D:5      | Reached ** piety under Ru
  3287 | D:5      | Reached *** piety under Ru
  3337 | D:5      | Got a transparent rapier
  3338 | D:5      | Identified the +11 rapier of the Scavenger {pierce, rPois}
                  | (You found it on level 5 of the Dungeon)
  3456 | D:5      | Reached skill level 6 in Unarmed Combat
  3477 | D:5      | Got a fine tin ring
  3491 | D:5      | Identified the ring of Exhibitionism {Fire rPois} (You
                  | found it on level 5 of the Dungeon)
  4027 | D:6      | Reached XP level 8. HP: 71/71 MP: 7/7
  4212 | D:6      | Found Egraph's Armour Shop.
  4304 | D:6      | Noticed a two-headed ogre
  4315 | D:6      | Killed a two-headed ogre
  4315 | D:6      | Reached skill level 5 in Dodging
  4315 | D:6      | Reached skill level 7 in Unarmed Combat
  4315 | D:6      | Reached XP level 9. HP: 46/81 MP: 8/8
  4504 | D:6      | Reached skill level 8 in Unarmed Combat
  4685 | D:6      | Noticed a deep elf mage
  4704 | D:6      | Mangled by an earth elemental

Levels and vault maps discovered:
D:1:      dpeg_arrival_renting, layout_basic
D:2:      layout_loops_ring, nicolae_overflow_crystal_walls,
          chequers_ecumenical_altar_island
D:3:      layout_rooms, lemuel_doored_altar, old_standard_altar,
          chequers_temple_overflow_statue_of_worship, minitemple, uniq_ijyb
D:4:      layout_cave_pools, kennysheep_mini, lemuel_crystal_altar
D:5:      layout_basic, minmay_temple_entry_statues_pillars, first_ration
D:6:      layout_cave_pools, serial_shops, nicolae_shop_window_shopping,
          guppyfry_early_elven_hall

Skill      XL: |  1  2  3  4  5  6  7  8  9 |
---------------+----------------------------+-----
Dodging        | 3 4 5 |  5.0
Unarmed Combat | 4 5 6 7 8 |  8.0
Fighting       | 4 5 6 7 |  7.9
Armour         | 1 2 3 |  3.9
Stealth        | |  2.1

Action                   |  1- 3 |  4- 6 |  7- 9 || total
-------------------------+-------+-------+-------++-------
Melee: Unarmed           |   104 |   268 |   175 ||   547
       Punch             |       |     4 |     6 ||    10
Throw: Dart              |     4 |     9 |     8 ||    21
Invok: Sacrifice Essence |       |     1 |       ||     1
       Sacrifice Artific |       |       |     1 ||     1
  Use: Scroll            |     4 |     5 |     3 ||    12
       Potion            |       |     1 |       ||     1
 Stab: Distracted        |       |     1 |       ||     1
       Invisible         |       |       |     1 ||     1
  Eat: Chunk             |     4 |    16 |    12 ||    32
Armor: Scale mail        |     4 |       |       ||     4
       Robe              |     1 |       |       ||     1
       Fire dragon scale |    40 |   125 |    41 ||   206
Dodge: Dodged            |    38 |   140 |    78 ||   256
       Deflected         |       |     6 |     2 ||     8

Table legend:
 A = Non-vault XP
 B = Vault XP
 C = Vault XP percentage of total XP
 D = Non-vault monster count
 E = Vault monster count
 F = Vault count percentage of total count
                 A         B        C        D         E       F
            +---------+---------+-------+---------+---------+-------
      Total |    2503 |      35 |   1.4 |     123 |       1 |   0.8
            +---------+---------+-------+---------+---------+-------
        D:1 |      23 |       0 |   0.0 |      15 |       0 |   0.0
        D:2 |      69 |       0 |   0.0 |      22 |       0 |   0.0
        D:3 |      82 |      35 |  29.9 |      31 |       1 |   3.1
        D:4 |     497 |       0 |   0.0 |      23 |       0 |   0.0
        D:5 |     246 |       0 |   0.0 |      13 |       0 |   0.0
        D:6 |    1586 |       0 |   0.0 |      19 |       0 |   0.0
            +---------+---------+-------+---------+---------+-------
